 Dungeon Crawl Stone Soup version 0.29-a0-901-g46a8461d6a (webtiles) character file.

Game seed: 2316476074825857586

60 night the Trooper (level 4, -15/40 HPs)
             Began as a Ghoul Fighter on July 23, 2022.
             Demolished by a shadow (16 damage)
             ... created by the darkness of Dithmenos
             ... on level 2 of the Dungeon.
             The game lasted 00:02:50 (1459 turns).

night the Trooper (Ghoul Fighter)                   Turns: 1459, Time: 00:02:51

Health: -15/40     AC:  7    Str: 21    XL:     4   Next: 6%
Magic:  3/3        EV:  9    Int:  3    God:
Gold:   86         SH:  4    Dex:  8    Spells: 3/3 levels left

rFire   . . .      SeeInvis .     - Unarmed
rCold   + . .      Faith    .   b - +0 buckler
rNeg    + + +      Spirit   .   a - +0 scale mail
rPois   ∞          Reflect  .   (no helmet)
rElec   .          Harm     .   i - +0 cloak
rCorr   .          Rampage  .   (no gloves)
Will    .....                   (no boots)
Stlth   ..........              (no amulet)
HPRegen 0.00/turn               (no ring)
MPRegen 0.08/turn               (no ring)

@: inhibited regen
A: claws 1, cold resistance 1, negative energy resistance 3, inhibited
regeneration, torment resistance 2, devour on kill
a: no special abilities


You were on level 2 of the Dungeon.
You visited 1 branch of the dungeon, and saw 2 of its levels.

You collected 86 gold pieces.

Inventory:

Missiles
 h - 24 stones (quivered)
Armour
 a - a +0 scale mail (worn)
 b - a +0 buckler (worn)
 i - a +0 cloak (worn)
Jewellery
 l - a ring of resist corrosion
Scrolls
 f - 2 scrolls of identify {unknown}
 o - a scroll of butterflies {unknown}
 q - a scroll of magic mapping {unknown}
Potions
 c - 2 potions of might
 e - 2 potions of lignification {unknown}
 g - 2 potions of curing {unknown}
 j - a potion of resistance {unknown}
 k - a potion of invisibility {unknown}
 m - a potion of magic {unknown}
 n - a potion of haste {unknown}
 p - a potion of cancellation {unknown}


   Skills:
 + Level 3.8 Fighting
 + Level 3.1 Armour
 + Level 3.1 Shields
 * Level 3.2 Unarmed Combat


You had 3 spell levels left.
You didn't know any spells.
Your spell library contained the following spells:

 Spells                   Type           Power      Damage    Failure   Level
 Scorch                   Fire           0%         2d5       97%         2
 Flame Wave               Conj/Fire      0%         2d4       100%        4
 Summon Cactus Giant      Summ           0%         N/A       100%        6


Dungeon Overview and Level Annotations

Branches:
Dungeon (2/15)

Altars:
Dithmenos

Shops:
D:2 [


Innate Abilities, Weirdness & Mutations

You are immune to poison.
You have sharp fingernails.
Your flesh is cold resistant. (rC+)
You are immune to negative energy. (rN+++)
You do not regenerate when monsters are visible.
You are immune to unholy pain and torment.
You thrive by killing the living.


Message History

You miss the killer bee. The killer bee barely misses you.
The orc wizard mumbles some strange words.
The orc wizard flickers and vanishes!
Deactivating autopickup; reactivate with Ctrl-A.
The killer bee stings you. The killer bee misses you.
You completely miss the killer bee. The killer bee stings you!
The killer bee misses you.
You closely miss the killer bee. The killer bee stings you.
The killer bee stings you but does no damage.
The killer bee stings you.
* * * LOW HITPOINT WARNING * * *
You miss the killer bee. The killer bee closely misses you.
The killer bee stings you but does no damage.
The killer bee closely misses you. x2
As you read the scroll labelled UKKIZOGUNT, it crumbles to dust.
You feel strangely unstable.
It was a scroll of teleportation.
You feel yourself speed up. The killer bee closely misses you.
The killer bee misses you. The killer bee barely misses you.
The killer bee barely misses you.
Your surroundings suddenly seem different.
You see here a bat skeleton.
Really walk into that teleport trap?
Okay, then.
You start resting.
Dithmenos calls forth shadows to punish you. 3 shadows come into view.
The teleport trap disappears.
The shadow disappears!
The shadow slips into darkness.
The shadow flickers and vanishes!
The shadow slips into darkness.
The shadow flickers and vanishes!
The shadow strikes at you from the darkness!
* * * LOW HITPOINT WARNING * * *
Reactivating autopickup.
The shadow attacks as you move away! The shadow closely misses you.
There is an escape hatch in the ceiling here.
The shadow barely misses you.
The shadow strikes at you from the darkness!
You die...

#.....≈.≈≈≈≈≈≈≈≈≈...##########..#
#.....≈.÷.≈.≈....≈≈.# #####..##
###....≈.≈≈..≈≈≈...######.....##
#...###....###............#####
..#####.....##.###.########
...............###.#
..#####..#.........######
......#..###............#####
......#........W@#[##.......###
..............................##
......##.###.###....########...#
......##.###..##......######.###
########.........###.........#
##{.####.### ##....######## #..##
#..####..##.....#... ##..#
##..##..###.###..... #...#
#..###.## #.###.....


You could see a shadow.

Vanquished Creatures
  A gnoll (D:1)
  2 adders (D:2)
  A worm (D:2)
  4 dart slugs (D:2)
  2 ball pythons
  2 endoplasms (D:2)
  3 hobgoblins (D:2)
  2 bats (D:2)
  2 goblins (D:2)
  3 kobolds
  2 rats (D:2)
24 creatures vanquished.

Notes
Turn   | Place    | Note
-------+----------+-------------------------------------------
     0 | D:1      | night the Ghoul Fighter began the quest for the Orb.
     0 | D:1      | Reached XP level 1. HP: 19/19 MP: 0/0
   117 | D:1      | Reached XP level 2. HP: 13/26 MP: 1/1
   854 | D:2      | Found a faded altar of an unknown god.
   871 | D:2      | Reached XP level 3. HP: 28/31 MP: 2/2
   891 | D:2      | Prayed at the altar of an unknown god.
   891 | D:2      | Became a worshipper of Dithmenos the Shadowed
   891 | D:2      | Reached * piety under Dithmenos
   892 | D:2      | Fell from the grace of Dithmenos
   910 | D:2      | Found Huub Caf's Antique Armour Emporium.
  1282 | D:2      | Reached XP level 4. HP: 40/40 MP: 3/3
  1448 | D:2      | Noticed a shadow
  1448 | D:2      | Noticed a shadow
  1448 | D:2      | Noticed a shadow
  1456 | D:2      | HP: 1/40 [something (16)]
  1459 | D:2      | Demolished by a shadow

Illustrated notes

Levels and vault maps discovered:
D:1:      sevenhm_arrival_forest_fort_small_4, layout_basic
D:2:      layout_rooms, chequers_ecumenical_altar_island, serial_shops, shop

Skill      XL: |  1  2  3 |
---------------+----------+-----
Armour         | 3 |  3.1
Shields        | 3 |  3.1
Unarmed Combat | 3 |  3.2
Fighting       | |  3.8

Action                   |  1- 3 |  4- 6 || total
-------------------------+-------+-------++-------
Melee: Unarmed           |    79 |    20 ||    99
Invok: Renounce Religion |     1 |       ||     1
  Use: Scroll            |       |     1 ||     1
Armor: Scale mail        |    36 |    11 ||    47
Dodge: Dodged            |    29 |    21 ||    50
Block: Buckler           |    11 |     2 ||    13

Table legend: (Time is in decaauts)
 A = Elapsed time spent in this place.
 B = Non-inter-level travel time spent in this place.
 C = Inter-level travel time spent in this place.
 D = Time resting spent in this place.
 E = Time spent auto-exploring this place.
 F = Levels seen in this place.
 G = Mean time per level.
                   A        B        C        D        E       F      G
               +--------+--------+--------+--------+--------+-----+--------+
         Total |   1470 |   1452 |     18 |    199 |    954 |   2 |  735.0 |
       Dungeon |   1470 |   1452 |     18 |    199 |    954 |   2 |  735.0 |
               +--------+--------+--------+--------+--------+-----+--------+

Top non-repeatable levels by time:
     D:1: 816 daAuts
     D:2: 654 daAuts
